 Dungeon Crawl Stone Soup version 0.24-a0-170-gd8427f5 (webtiles) character file.

Game seed: 1338203973374878247

42 Noname the Grasshopper (level 3, -2/16 HPs)
             Began as a Felid Warper on Mar 10, 2019.
             Was a Follower of Ashenzari.
             Slain by an adder (5 damage)
             ... on level 3 of the Dungeon.
             The game lasted 00:05:45 (2410 turns).

Noname the Grasshopper (Felid Warper)               Turns: 2410, Time: 00:05:45

Health: -2/16      AC:  1    Str:  7    XL:     3   Next: 35%
Magic:  4/7        EV: 19    Int: 15    God:    Ashenzari [*.....]
Gold:   176        SH:  0    Dex: 15    Spells: 2/6 levels left
                                        Lives:  0   Deaths: 0

rFire    . . .     SeeInvis +     - Unarmed
rCold    . . .     Gourm    .   (shield unavailable)
rNeg     . . .     Faith    .   (armour unavailable)
rPois    .         Spirit   .   (helmet unavailable)
rElec    .         Reflect  .   (cloak unavailable)
rCorr    .         Harm     .   (gloves unavailable)
MR       .....                  (boots unavailable)
Stlth    ++........             i - amulet of rage
HPRegen  0.05/turn              (no ring)
MPRegen  0.10/turn              (no ring)

@: shrouded, quick
A: very small, no armour, no weapons or thrown items, stealth, claws 1, fangs 3,
see invisible, carnivore, speed 1, shaggy fur 1, slow metabolism 1, sharp paws
a: Curse Item, Scrying, Renounce Religion, Evoke Berserk Rage


You were on level 3 of the Dungeon.
You worshipped Ashenzari.
Ashenzari was aware of your devotion.
You were very full.

You visited 1 branch of the dungeon, and saw 3 of its levels.

You collected 176 gold pieces.

Inventory:

Missiles
 e - 21 arrows
Jewellery
 i - an amulet of rage (around neck)
Scrolls
 b - 3 scrolls of blinking
 f - a scroll of enchant weapon {unknown}
 g - a scroll of remove curse {@r2}
 h - a scroll of fog {unknown}
 j - a scroll of teleportation {unknown}
 k - 2 scrolls of noise {unknown}
 l - 2 scrolls of identify {unknown}
 n - 2 scrolls of fear {unknown}
 o - a scroll of enchant armour {unknown}
Potions
 a - a potion of might {unknown}
 d - a potion of berserk rage {unknown}
 m - a potion of heal wounds {unknown}
 p - a potion of agility {unknown}
 q - a potion of haste {unknown}
Comestibles
 c - 8 rations


   Skills:
 + Level 2.3 Fighting
 + Level 3.7 Dodging
 * Level 2.7 Unarmed Combat
 + Level 2.2 Spellcasting
 + Level 0.6 Charms
 + Level 4.5 Translocations


You had 2 spell levels left.
You knew the following spells:

 Your Spells              Type           Power        Failure   Level  Hunger
a - Shroud of Golubria    Chrm/Tloc      #.........   12%         2    ###....
B - Blink                 Tloc           N/A          4%          2    ###....

Your spell library contained the following spells:

 Spells                   Type           Power        Failure   Level  Hunger
 Gell's Gravitas          Tloc           ###.......   10%         3    ###....
 Lesser Beckoning         Tloc           ###.......   10%         3    ###....
 Teleport Other           Tloc           ###.....     10%         3    ###....
 Passage of Golubria      Tloc           N/A          32%         4    #####..


Dungeon Overview and Level Annotations

Branches:
Dungeon (3/15)

Altars:
Ashenzari
Fedhas
Qazlal
Yredelemnul


Innate Abilities, Weirdness & Mutations

You cannot wear armour.
You are incapable of wielding weapons or throwing items.
Your paws allow you to move quietly. (Stealth)
You have sharp claws.
You have razor-sharp teeth.
You have supernaturally acute eyesight. (SInv)
You are carnivorous and can eat meat at any time.
You cover ground quickly.
You are covered in fur. (AC +1)
You have a slow metabolism.
Your sharp claws are effective at attacking unaware monsters.


Message History

You take 4 damage, and have 7/16 hp.
MASSIVE DAMAGE!!
Okay, then.
You scratch the adder but do no damage.
The adder is moderately wounded.
The adder bites you.
* * * LOW HITPOINT WARNING * * *
Your shroud falls apart!
You take 4 damage, and have 3/16 hp.
MASSIVE DAMAGE!!
Casting: Shroud of Golubria (safe; 12% risk of failure)
Confirm with . or Enter, or press ? or * to list all spells.
Space distorts slightly along a thin shroud covering your body.
The adder completely misses you.
Unknown command.
You now have 4/7 mp.
You scratch the adder but do no damage.
The adder is moderately wounded.
The adder barely misses you. The adder bites you.
You die...

#...?......
#..........
#..........
+.....>....
#..........
#..........
#..........
#S# #@# #.#
#<# ###


You could see an adder.

Vanquished Creatures
  An adder (D:2)
  A dart slug (D:1)
  A leopard gecko (D:2)
  A ball python (D:1)
  6 bats
  2 giant cockroaches (D:1)
  4 hobgoblins
  A jackal (D:2)
  A frilled lizard (D:1)
  3 goblins
  4 kobolds
  4 rats
29 creatures vanquished.

Notes
Turn   | Place    | Note
-------+----------+-------------------------------------------
     0 | D:1      | Noname the Felid Warper began the quest for the Orb.
     0 | D:1      | Reached XP level 1. HP: 9/9 MP: 4/4
   581 | D:1      | Reached XP level 2. HP: 13/13 MP: 6/6
   585 | D:1      | Learned a level 2 spell: Blink
   588 | D:1      | Learned a level 2 spell: Shroud of Golubria
  1223 | D:2      | Found a basalt altar of Yredelemnul.
  1270 | D:2      | Found a blossoming altar of Fedhas.
  1747 | D:2      | Reached XP level 3. HP: 11/16 MP: 4/7
  1863 | D:2      | Found a stormy altar of Qazlal.
  2227 | D:2      | Found a faded altar of an unknown god.
  2248 | D:2      | Became a worshipper of Ashenzari the Shackled
  2248 | D:2      | Reached * piety under Ashenzari
  2410 | D:3      | Slain by an adder

Levels and vault maps discovered:
D:1:      dpeg_arrival_snail, layout_basic
D:2:      layout_rooms, nicolae_qazlal_general_emergency,
          grunt_temple_overflow_open, chequers_ecumenical_altar_island,
          first_ration, palyth_stone_intersect
D:3:      layout_basic, lemuel_round_altar, minmay_randomly_rotated_circles

Action                   || total
-------------------------++-------
Melee: Unarmed           ||   123
       Bite              ||     7
 Cast: Shroud of Golubri ||     9
 Stab: Sleeping          ||     2
  Eat: Chunk             ||    10
Armor: Skin              ||    10
Dodge: Dodged            ||   107

Table legend:
 A = Non-vault XP
 B = Vault XP
 C = Vault XP percentage of total XP
 D = Non-vault monster count
 E = Vault monster count
 F = Vault count percentage of total count
                 A         B        C        D         E       F
            +---------+---------+-------+---------+---------+-------
      Total |      61 |       0 |   0.0 |      29 |       0 |   0.0
            +---------+---------+-------+---------+---------+-------
        D:1 |      33 |       0 |   0.0 |      20 |       0 |   0.0
        D:2 |      27 |       0 |   0.0 |       8 |       0 |   0.0
        D:3 |       1 |       0 |   0.0 |       1 |       0 |   0.0
            +---------+---------+-------+---------+---------+-------
